[Event "Early-Titled-Tuesday-Blitz-April-23-2024"]
[Site "Chess.com"]
[Date "2024.04.23"]
[Round "8"]
[White "Martial2008"]
[Black "scarabee43"]
[Result "1/2-1/2"]
[WhiteElo "2692"]
[BlackElo "2827"]
[TimeControl "180+1"]
[EndTime "9:33:19 PDT"]
[Termination "Game drawn - insufficient material"]

1. d4 Nf6 2. Nf3 d5 3. Bf4 Nc6 4. e3 e6 5. c4 Bd6 6. Bg5 h6 7. Bh4 Be7 8. Nc3 O-O 9. Be2 dxc4 10. Bxc4 a6 11. O-O b5 12. Bd3 Nb4 13. Bb1 Bb7 14. Bxf6 Bxf6 15. a3 Nd5 16. Ne4 Be7 17. Ba2 Nxe3 18.
fxe3 Bxe4 19. Rc1 Rc8 20. Ne5 Bg5 21. Nxf7 Rxf7 22. Bxe6 Bd5 23. Bxf7+ Bxf7 24. Qf3 Bd5 25. Qg3 Qe7 26. Rfe1 c5 27. Rxc5 Rxc5 28. dxc5 Qxc5 29.
Qe5 Qc6 30. e4 Bb3 31. Qd4 Be7 32. Kh1 Qd6 33. Qe3 Bc4 34. e5 Qd3 35. Qa7 Qd2 36. Rg1 Bg5 37. Qxa6 Bd5 38. Qc8+ Kf7 39. Rf1+ Bf4 40. Qf5+ Ke7 41. Rg1 Be3 42. Qg6 Bxg1 43.
Qxg7+ Kd8 44. Qf8+ Kc7 45. Qe7+ Kb6 46. Qd8+ Kc5 47.
Qc7+ Kd4 48. Qa7+ Kxe5 49. Qxg1 Qxb2 50. Qe3+ Kd6 51. Qxh6+ Kc5 52. Qe3+ Kc4 53. Qf4+ Kb3 54. Qg3+ Ka4 55. h4 Qxa3 56. Qf4+ Qb4 57. Qe3 Qe4 58. Qa7+ Kb3 59. Qf2 b4 60. h5 Kc4 61. h6 b3 62.
Kh2 Qc2 63. Qxc2+ bxc2 64. h7 c1=Q 65. h8=Q Qf4+ 66. Kg1 Qg3 67. Qc8+ Kd4 68. Qc2 Qe3+ 69. Qf2 Qxf2+ 70. Kxf2 Bxg2 1/2-1/2

[Event "Early-Titled-Tuesday-Blitz-April-23-2024"]
[Site "Chess.com"]
[Date "2024.04.23"]
[Round "8"]
[White "RasSanti"]
[Black "klifus"]
[Result "0-1"]
[WhiteElo "2280"]
[BlackElo "2137"]
[TimeControl "180+1"]
[EndTime "9:33:21 PDT"]
[Termination "klifus won by checkmate"]

1. d4 Nf6 2. Bg5 Ne4 3. Bf4 c5 4. f3 Qa5+ 5. c3 Nf6 6. Nd2 cxd4 7. Nb3 Qb6 8. Qxd4 Qxd4 9. Nxd4 d6 10. Bg3 Bd7 11.
e4 g6 12. Bc4 Bg7 13. Nge2 O-O 14. O-O Nc6 15. Rfd1 a6 16. Nc2 b5 17. Bb3 Na5 18.
Ne3 Rfc8 19. Nd5 Nxd5 20. Bxd5 Bc6 21. Nf4 Be5 22. Bxc6 Nxc6 23. Nd5 Bxg3 24. hxg3 Kf8 25. Nb6 Rab8 26. Nxc8 Rxc8 27. g4 Ne5 28. Kf2 Nc4 29.
Rab1 Rc5 30. Rd5 Rc7 31. Ke2 e6 32. Rdd1 Ke7 33. Rh1 a5 34. a3 b4 35. axb4 axb4 36.
Rxh7 bxc3 37. bxc3 Na3 38. Rb3 Nc4 39. Kd3 Ne5+ 40.
Kc2 Kf6 41. Rh1 Kg5 42. Rb2 Kf4 43. Kb3 Rb7+ 44. Kc2 Rxb2+ 45. Kxb2 Kg3 46. Rg1 Kf2 47. Rd1 Kxg2 48. f4 Nxg4 49. Rxd6 Kf3 50. f5 gxf5 51. exf5 exf5 52. c4 Ke4 53. c5 Ne3 54. Kc3 f4 55. c6 Nd5+ 56. Kc4 Nc7 57. Kc5 f3 58. Kb6 f2 59. Rf6 Nd5+ 60. Kb7 Nxf6 61. c7 Ne8 62. c8=Q Nd6+ 63. Kc7 Nxc8 64. Kxc8 f1=Q 65.
Kd7 Qa6 66. Ke7 Kf5 67. Kd7 Ke5 68. Kc7 Kd5 69. Kd7 Qb7+ 70. Ke8 Ke6 71. Kf8 f5 72. Kg8 Kf6 73. Kh8 Qg7# 0-1

[Event "Early-Titled-Tuesday-Blitz-April-23-2024"]
[Site "Chess.com"]
[Date "2024.04.23"]
[Round "8"]
[White "ScofieldMichael01"]
[Black "WiktoriaPOL"]
[Result "0-1"]
[WhiteElo "2577"]
[BlackElo "2409"]
[TimeControl "180+1"]
[EndTime "9:33:22 PDT"]
[Termination "WiktoriaPOL won by resignation"]

1. d4 Nf6 2. Bf4 d5 3. e3 c5 4.
Nd2 Nc6 5. c3 Bf5 6. h3 Qb6 7.
Qb3 c4 8. Qxb6 axb6 9. a3 b5 10.
g4 Bg6 11. Rc1 Ne4 12. Nxe4 Bxe4 13. f3 Bg6 14. Kf2 f6 15. Bg2 e5 16. Bg3 Be7 17. Ne2 O-O-O 18. f4 exd4 19. Nxd4 Nxd4 20. exd4 Bf7 21.
Rce1 Bd6 22. f5 Kd7 23. Bxd6 Kxd6 24. Kg3 Rhe8 25. Kf4 Rxe1 26. Rxe1 Re8 27. Rxe8 Bxe8 28. h4 h6 29. g5 Bf7 30. Bf3 Be8 31. Bd1 Ke7 32. gxh6 gxh6 33. Kg4 h5+ 34. Kf4 Kd6 35. Be2 Bf7 36. Bf3 Be8 37. Bd1 Ke7 38. Ke3 Kd6 39. Kf4 Ke7 40. b4 Kd6 41. Ke3 Ke7 42. Kd2 Kd6 43.
Kc1 Ke7 44. Kb2 Kd6 45. Ka2 Ke7 46. a4 bxa4 47. b5 b6 48. Ka3 Kd6 49. Kxa4 Bf7 50. Kb4 Kc7 51. Bf3 Kd6 52. Ka3 Kc7 53. Kb2 Kd6 54.
Kc2 Kc7 55. Kd2 Kd6 56. Ke3 Be8 57. Kf4 Bf7 58. Bg2 Be8 59. Bh1 Bxb5 60. Bf3 Be8 61. Ke3 b5 62. Kd2 Kc6 63. Kc2 Bf7 64. Kb2 Kb6 65.
Bg2 Ka5 66. Ka3 Bg8 67. Bh1 Bf7 68. Bf3 Kb6 69. Kb4 Kc6 70. Ka5 Kd6 71. Kxb5 Be8+ 72.
Kb6 Bf7 73. Bg2 Be8 74. Bh1 Bd7 75. Bg2 Bxf5 76. Bf3 Bg4 77. Bg2 f5 78. Kb5 f4 79.
Kb4 f3 80. Bf1 Bf5 81. Ka3 Bd3 82. Bh3 f2 83. Kb2 f1=Q 84. Bxf1 Bxf1 85. Kc2 Bd3+ 86. Kd2 Ke6 87. Ke3 Kf5 88. Kf3 Be4+ 89. Kg3 Bd3 90.
Kf3 Bc2 91. Kg3 Ke4 92. Kf2 Kd3 93. Kg3 Kxc3 94. Kf4 Bd1 95. Ke5 Kd3 96. Kf4 c3 97. Kg5 c2 98. Kf6 c1=Q 99. Ke5 0-1

[Event "Early-Titled-Tuesday-Blitz-April-23-2024"]
[Site "Chess.com"]
[Date "2024.04.23"]
[Round "8"]
[White "mortngabriel"]
[Black "SpongeBob_03"]
[Result "1-0"]
[WhiteElo "2450"]
[BlackElo "2263"]
[TimeControl "180+1"]
[EndTime "9:33:22 PDT"]
[Termination "mortngabriel won on time"]

1. e4 c5 2. Nf3 e6 3. d4 cxd4 4.
Nxd4 Nf6 5. Bd3 Nc6 6. Nxc6 bxc6 7. O-O d5 8. Nd2 Bc5 9. Qe2 O-O 10. c4 Ba6 11. b3 dxc4 12. Nxc4 Bxc4 13. Bxc4 Qd4 14.
Be3 Qd6 15. Rad1 Qe7 16. Bg5 e5 17. Kh1 h6 18. Bh4 g5 19. Bg3 Rfd8 20. Qf3 Bd4 21. Qf5 Kg7 22. h4 Nh5 23. Bh2 Qf6 24. Qg4 Nf4 25.
g3 h5 26. Qf3 g4 27. Rxd4 gxf3 28. Rxd8 Rxd8 29. gxf4 exf4 30. Rg1+ Kh7 31. e5 Qxh4 32.
Bxf7 Rd2 33. Bg6+ Kh6 34. Bf5 Rxf2 35. Rg6+ Kh7 36. Rg4+ Kh8 37. Rxh4 Rf1+ 38. Bg1 f2 39.
Rxh5+ Kg7 40. Rg5+ Kf7 41. Rg2 fxg1=Q+ 42. Rxg1 Rf2 43. Rg6 Rxa2 44. Rxc6 f3 45. Kg1 Rg2+ 46. Kf1 Re2 47. e6+ Kf6 48. Bg4 Re3 49. Kf2 Rxb3 50. Bxf3 a5 51. Ra6 a4 52. Bd5 Rb2+ 53. Ke3 Rb5 54.
Kd4 Rb4+ 55. Kc5 Rb8 56. Bc4 Rc8+ 57. Kd4 Rd8+ 58. Bd5 Rd6 59. Rxa4 Ra6 60. Rxa6 1-0

[Event "Early-Titled-Tuesday-Blitz-April-23-2024"]
[Site "Chess.com"]
[Date "2024.04.23"]
[Round "8"]
[White "Kyrko_Gamba"]
[Black "Anu-triz"]
[Result "1-0"]
[WhiteElo "2432"]
[BlackElo "2190"]
[TimeControl "180+1"]
[EndTime "9:33:27 PDT"]
[Termination "Kyrko_Gamba won on time"]

1. c4 c5 2. Nc3 Nc6 3. Nf3 Nf6 4. e3 d5 5. cxd5 Nxd5 6. Bb5 Nxc3 7. bxc3 Bd7 8. O-O e6 9. d4 cxd4 10. cxd4 Qb6 11.
Rb1 a6 12. Bd3 Qc7 13. Bd2 Bd6 14. Qc2 h6 15. Rfc1 O-O 16. e4 Qb8 17. e5 Be7 18.
Bh7+ Kh8 19. Be4 Rc8 20. Qd3 Qa7 21. Be3 Nb4 22. Qe2 Nd5 23. Bxd5 exd5 24. Nd2 Bf5 25. Rxc8+ Rxc8 26. Re1 Qb6 27. Qf3 Bg6 28. Qxd5 Qb2 29.
Qd7 Rc1 30. Rxc1 Qxc1+ 31. Nf1 Qb1 32. Qxe7 Bd3 33. h3 Qxf1+ 34. Kh2 Bc4 35. d5 Qd3 36. e6 fxe6 37. dxe6 Qe4 38. Qf8+ Kh7 39. e7 Bb5 40. Bf4 Bc6 41. f3 Qe6 42. Qd8 Qd7 43. Be5 Qe8 44. Qd6 Qf7 45. Bc3 Qe8 46. Qe5 Qf7 47. Kg3 Kg8 48.
a4 Kh7 49. a5 Kg8 50. Bd4 Kh7 51. h4 Kg8 52. h5 Kh7 53. Kf2 Kg8 54. Ke3 Qe8 55.
Bc3 Qf7 56. Kd4 Kh7 57. Kc5 Kg8 58. Kb6 Kh7 59. Ka7 Kg8 60. f4 Kh7 61. g4 Kg8 62. g5 hxg5 63. fxg5 Be8 64. g6 1-0

[Event "Early-Titled-Tuesday-Blitz-April-23-2024"]
[Site "Chess.com"]
[Date "2024.04.23"]
[Round "8"]
[White "UnTucopalaTimba"]
[Black "Ariadna_Atreides"]
[Result "0-1"]
[WhiteElo "2027"]
[BlackElo "2222"]
[TimeControl "180+1"]
[EndTime "9:33:27 PDT"]
[Termination "Ariadna_Atreides won on time"]

1. e4 c6 2. d4 d5 3. Nc3 dxe4 4.
Nxe4 Nf6 5. Nxf6+ exf6 6. c3 Bd6 7. Bd3 O-O 8. Qc2 Re8+ 9. Ne2 h5 10. O-O h4 11. h3 Nd7 12. Be3 Nf8 13. b3 g6 14.
c4 f5 15. Rfe1 Qf6 16. Bf4 Rxe2 17. Rxe2 Bxf4 18. Rae1 Be6 19. Qc3 Rd8 20. Qc2 Qxd4 21. Rd1 Bc7 22. Re3 Qf4 23. g3 hxg3 24. Rxg3 Qh4 25.
Rf3 f4 26. Bf1 Bf5 27. Qe2 Rxd1 28. Qxd1 Be4 29. Rc3 Be5 30. Rf3 Bxf3 31. Qxf3 Ne6 32. Qe4 Qg5+ 33. Kh1 Qf5 34. Qf3 Nd4 35. Qg4 Qxg4 36.
hxg4 Nc2 37. Bd3 Nb4 38. Bb1 f3 39. Kg1 Bd4 40. Kf1 Kg7 41. a3 Na6 42. Be4 Nc5 43. Bc2 Kf6 44. b4 Ne6 45. Be4 Kg5 46. Bxf3 Kf4 47. Bd1 Bb2 48. a4 Bc3 49. b5 c5 50. Kg2 b6 51. Bc2 Bd4 52. f3 Ng5 53. Bd1 f6 54. Be2 f5 55. gxf5 Kxf5 56. Kg3 Ne6 57.
Bd3+ Kg5 58. Be4 Nf4 59. Bd5 Ne2+ 60. Kg2 Nc3 61. Be4 Nxe4 62. fxe4 Kf4 0-1

[Event "Early-Titled-Tuesday-Blitz-April-23-2024"]
[Site "Chess.com"]
[Date "2024.04.23"]
[Round "8"]
[White "Silvederione"]
[Black "Meri-Arabidze"]
[Result "0-1"]
[WhiteElo "2489"]
[BlackElo "2665"]
[TimeControl "180+1"]
[EndTime "9:33:30 PDT"]
[Termination "Meri-Arabidze won by checkmate"]

1. d4 Nf6 2. Nc3 d5 3. Bf4 c6 4.
e3 Bg4 5. f3 Be6 6. g4 g6 7. h4 h5 8. g5 Nfd7 9. e4 Nb6 10. Be5 Rg8 11. Qd2 N8d7 12. Bf4 Bg7 13. exd5 Nxd5 14. Nxd5 Bxd5 15. O-O-O Nb6 16. Kb1 Qd7 17. b3 Be6 18. Ne2 Nd5 19. Bg3 Bf5 20. Nf4 Nxf4 21. Bxf4 Rd8 22. Be3 e5 23. dxe5 Qxd2 24.
Rxd2 Rxd2 25. Bxd2 Bxe5 26. Bc4 Bg3 27. Be1 Bxe1 28.
Rxe1+ Kd7 29. Bxf7 Rf8 30. Bc4 b5 31. Bf1 Be6 32. Bd3 Bf5 33. Bf1 Be6 34. Re3 a6 35. Bd3 Bf5 36. Be2 Be6 37. Kb2 Kd6 38. c4 Rf4 39. cxb5 cxb5 40. Bd3 Bf5 41. Bxf5 Rxf5 42. Kc3 Rf4 43. Rd3+ Kc5 44. b4+ Kc6 45. Re3 Kd6 46. Rd3+ Kc6 47. Re3 Kd5 48. Rd3+ Ke5 49. Rd8 Rxf3+ 50. Kb2 Rf2+ 51. Kb3 Rf3+ 52. Kc2 Rf4 53.
Rg8 Kf5 54. Ra8 Rxb4 55. Rxa6 Rxh4 56. Rb6 Kxg5 57. Rxb5+ Kh6 58. Kb3 Rh1 59. a4 Rb1+ 60. Kc2 Ra1 61. Kb3 h4 62. Rb8 Rb1+ 63. Kc2 Rxb8 64.
a5 Ra8 65. Kd3 Rxa5 66. Ke3 g5 67. Kf3 Kh5 68. Kg2 g4 69. Kh2 Ra2+ 70. Kg1 h3 71. Kf1 Kh4 72. Ke1 h2 73. Kf1 h1=Q# 0-1

[Event "Early-Titled-Tuesday-Blitz-April-23-2024"]
[Site "Chess.com"]
[Date "2024.04.23"]
[Round "8"]
[White "wonderfultime"]
[Black "Fandorine"]
[Result "1-0"]
[WhiteElo "3075"]
[BlackElo "2921"]
[TimeControl "180+1"]
[EndTime "9:33:32 PDT"]
[Termination "wonderfultime won on time"]

1. d4 Nf6 2. Nf3 d5 3. Bg5 Nbd7 4. e3 e6 5. Nbd2 Be7 6. Bd3 O-O 7. O-O b6 8. c4 Bb7 9. Rc1 dxc4 10. Nxc4 c5 11. Qe2 b5 12. Ncd2 cxd4 13. Nxd4 a6 14. Bb1 Rc8 15.
N2f3 Qb6 16. h3 h6 17. Bh4 Rxc1 18. Rxc1 Rc8 19. Rd1 Nf8 20. Ne5 Qc5 21. Ndf3 Ne4 22. Bxe7 Qxe7 23. a3 Ng5 24. Nxg5 Qxg5 25. Nf3 Qf6 26. e4 Ng6 27. Qd2 Bc6 28. b4 Nf4 29.
Kh2 e5 30. Qe3 g5 31. Ng1 Rd8 32. Rc1 Ba8 33. g3 Ne6 34. Ne2 Kg7 35. Nc3 Nd4 36.
Kg2 Rc8 37. Re1 Qe6 38. Nd5 Bxd5 39. exd5 Qxd5+ 40. Be4 Qd6 41. g4 Re8 42. h4 Qf6 43. hxg5 hxg5 44. Rh1 Rh8 45. Rxh8 Kxh8 46. Qh3+ Kg7 47.
Qh7+ Kf8 48. Qh3 Ke7 49. Bb7 Qe6 50. Qg3 Kd7 51. Be4 Qd6 52. Kh2 Qh6+ 53. Kg2 Qf6 54.
Qe3 Qf4 55. Kh3 Qxe3+ 56. fxe3 Ne6 57. Kg3 Kd6 58. Kf3 Nd8 59. Bf5 f6 60. Bb1 Nf7 61. Ke4 Nh6 62. Kf3 Kd7 63. Ba2 Kc7 64. Be6 Kb6 65. Ke4 a5 66. Kd5 axb4 67. axb4 Ka6 68. Kc6 f5 69. Bxf5 e4 70. Be6 1-0

[Event "Early-Titled-Tuesday-Blitz-April-23-2024"]
[Site "Chess.com"]
[Date "2024.04.23"]
[Round "8"]
[White "AradNazari"]
[Black "Grandelicious"]
[Result "1-0"]
[WhiteElo "2752"]
[BlackElo "2890"]
[TimeControl "180+1"]
[EndTime "9:33:33 PDT"]
[Termination "AradNazari won by resignation"]

1. e4 c5 2. Nf3 e6 3. d4 cxd4 4.
Nxd4 Nc6 5. Nc3 Qc7 6. Be3 a6 7. Qf3 h5 8. Nxc6 Qxc6 9. Bd3 Nf6 10. h3 b5 11. e5 Qxf3 12. gxf3 Ng8 13. a4 b4 14. Ne4 Bb7 15. Ke2 Nh6 16. Nc5 Bxc5 17. Bxc5 a5 18. Rad1 Bc6 19. b3 f6 20. Rhg1 fxe5 21.
Rxg7 O-O-O 22. Bd6 Nf5 23. Bxf5 exf5 24. Rg5 f4 25. Bxe5 Rde8 26. Rd6 Rh7 27. Kd3 Rf7 28. Bd4 Kc7 29. Rh6 Re1 30. Rxa5 Rd1+ 31. Kc4 Bxf3 32.
Ra7+ Kd8 33. Bf6+ Ke8 34. Rh8+ Rf8 35. Rxf8+ Kxf8 36. Kxb4 Kf7 37. Be5 Ke6 38. Bb8 h4 39.
Ra5 Bg2 40. Re5+ Kf6 41. Rh5 Bxh3 42. Rxh4 Bf5 43. Bxf4 Bxc2 44. Kc3 Bf5 45. Be3 Rd3+ 46.
Kb2 Be6 47. Rb4 Ke5 48. a5 Rd5 49. a6 Ra5 50. Rb6 Bd5 51. b4 Ra2+ 52. Kc3 Ra3+ 53. Kb2 Ra2+ 54. Kc1 Bc4 55. b5 Ra5 56. Rb7 Bxb5 57.
a7 Bc6 58. Rb8 Ke4 59. Kb2 Ra6 60. Kc3 Kd5 61. Kb4 Ra1 62. Rh8 Rb1+ 63. Ka5 Ra1+ 64. Kb6 Rb1+ 65. Kc7 Ra1 66. Rh5+ Ke4 67. Rh6 Kf3 68. Rxc6 dxc6 69. Kxc6 Ra2 70. Kb7 Rb2+ 71. Bb6 Ra2 72. a8=Q Rxa8 73. Kxa8 1-0

[Event "Early-Titled-Tuesday-Blitz-April-23-2024"]
[Site "Chess.com"]
[Date "2024.04.23"]
[Round "8"]
[White "azikom"]
[Black "AsselLesbekova"]
[Result "1-0"]
[WhiteElo "2697"]
[BlackElo "2441"]
[TimeControl "180+1"]
[EndTime "9:33:34 PDT"]
[Termination "azikom won by resignation"]

1. e4 e5 2. Nc3 Nf6 3. Nf3 Nc6 4.
Bb5 Bb4 5. d3 d6 6. O-O a6 7.
Bxc6+ bxc6 8. Ne2 h6 9. Ng3 O-O 10. h3 Re8 11. b3 d5 12. Bb2 Bd6 13. Re1 d4 14. Nd2 c5 15. Nc4 Be6 16. a4 Bxc4 17. dxc4 g6 18. Qd3 h5 19. Bc1 Bf8 20. Bg5 Qd6 21. Qf3 Nh7 22. Bd2 Qf6 23. Qd3 Qd6 24. Rad1 Be7 25. Ne2 Bg5 26. Ba5 Kg7 27. Qg3 Qe7 28. Nc1 Bf4 29. Qf3 Ng5 30. Qe2 Bxc1 31. Rxc1 Ne6 32. Qf3 Qf6 33. Qxf6+ Kxf6 34. h4 Ke7 35.
Rcd1 f6 36. Rd3 g5 37. hxg5 fxg5 38. Rf3 Rf8 39. Rf5 Kd6 40. Bd2 Rxf5 41. exf5 Ng7 42. Bxg5 Nxf5 43. Re4 Rg8 44. f4 exf4 45. Bxf4+ Kd7 46.
Kf2 Nd6 47. Re5 Rf8 48. Kf3 Rf5 49. Rxf5 Nxf5 50. Ke4 Nh4 51. g3 Ng2 52. Bd2 h4 53.
gxh4 Nxh4 54. Kd5 Nf3 55. Ba5 d3 56. cxd3 Nd4 57. b4 c6+ 58. Kxc5 Nb3+ 59. Kb6 Nc1 60. Kxa6 Nxd3 61. b5 c5 62. Bc3 Nf2 63. a5 Ne4 64.
Bb2 Nd2 65. b6 Nxc4 66. b7 Kc7 67. Ka7 1-0

[Event "Early-Titled-Tuesday-Blitz-April-23-2024"]
[Site "Chess.com"]
[Date "2024.04.23"]
[Round "8"]
[White "Attacker88"]
[Black "ChainedDowntohell"]
[Result "0-1"]
[WhiteElo "2382"]
[BlackElo "2567"]
[TimeControl "180+1"]
[EndTime "9:33:35 PDT"]
[Termination "ChainedDowntohell won on time"]

1. e4 c5 2. Nf3 Nc6 3. d4 cxd4 4. Nxd4 e5 5. Nb5 d6 6. a4 Be6 7. N1c3 Be7 8. Nd5 h6 9. Nbc7+ Kf8 10. Nxa8 Qxa8 11.
Nxe7 Kxe7 12. Be3 Nf6 13. Bd3 Rc8 14. O-O Qb8 15. b3 Qc7 16. c4 Kf8 17. f3 Nd7 18. Qd2 Nc5 19. Bc2 a5 20. Rad1 Ke7 21. Qc3 Bd7 22. f4 f6 23. Qe1 Ne6 24. Qg3 Rg8 25. Rd2 Ncd4 26. f5 Nxc2 27. Rxc2 Nc5 28. Bxc5 Qxc5+ 29. Qf2 Qb4 30. c5 dxc5 31. Qxc5+ Qxc5+ 32.
Rxc5 Bc6 33. Re1 Ra8 34. Kf2 Ra6 35. Ke3 Rb6 36. Rc3 Rb4 37. Kf3 Rd4 38. Ree3 Ke8 39.
Rc4 Rd1 40. Rec3 Kd7 41. h4 h5 42. Re3 Rf1+ 43. Kg3 Rf4 44. Kh3 Ke7 45. Rg3 Kf8 46.
Re3 Ke7 47. g3 Rf2 48. Rcc3 Rd2 49. Rc4 Kd6 50. g4 hxg4+ 51. Kxg4 Rd1 52. Rg3 Ke7 53. Kf3 Kf8 54. Rg4 Rd3+ 55. Ke2 Rxb3 56. Rc1 Ra3 57. Rcg1 Rxa4 58. Rxg7 Rxe4+ 59. Kd3 Rxh4 60. Rg8+ Ke7 61. R1g7+ Kd6 62. Rd8+ Kc5 63. Rf7 Rh6 64. Rdf8 a4 65. Rxf6 Rh3+ 66. Kc2 Kc4 67. Ra8 a3 68.
Rd6 Rh2+ 69. Rd2 Be4+ 0-1

[Event "Early-Titled-Tuesday-Blitz-April-23-2024"]
[Site "Chess.com"]
[Date "2024.04.23"]
[Round "8"]
[White "jinbojinbo"]
[Black "Lady_Nika"]
[Result "1-0"]
[WhiteElo "2648"]
[BlackElo "2471"]
[TimeControl "180+1"]
[EndTime "9:33:39 PDT"]
[Termination "jinbojinbo won by checkmate"]

1. c4 c5 2. Nc3 Nc6 3. Nf3 g6 4. d4 cxd4 5. Nxd4 Bg7 6. e3 d6 7.
Be2 Bd7 8. O-O Nf6 9. b3 O-O 10. Bb2 a6 11. Bf3 Rc8 12. Rc1 Qa5 13. h3 Qg5 14.
Kh1 Rfd8 15. Qe2 e5 16. Nxc6 bxc6 17. Rfd1 Be6 18. Na4 d5 19. cxd5 cxd5 20. Rxc8 Rxc8 21. Qxa6 e4 22. Be2 Qh4 23. Kg1 h5 24. Rc1 Rxc1+ 25. Bxc1 Qg5 26. Kf1 d4 27. Qb5 Qh6 28. Qb8+ Kh7 29. Nc5 d3 30. Bd1 Qg5 31. Nxe6 fxe6 32. Bd2 Qc5 33. Qb4 Qf5 34. a4 Nd5 35. Qb7 Kh6 36. a5 Nc3 37. Bxc3 Bxc3 38. a6 Qa5 39. Qxe4 Qxa6 40. Qf4+ g5 41. Qf7 h4 42. Qh5+ Kg7 43.
Qxg5+ Kf7 44. Qh5+ Kg8 45. Qg4+ Kf7 46. Qf4+ Ke8 47. Qa4+ Qxa4 48. bxa4 Kd7 49. g3 hxg3 50. fxg3 Ke7 51. h4 Kf6 52. Kf2 Ba5 53. Kf3 d2 54.
g4 Bc7 55. g5+ Kg6 56. Kg4 Ba5 57. h5+ Kg7 58. h6+ Kg6 59. Bc2+ Kf7 60. g6+ Kf6 61. g7 Kf7 62. Kf3 e5 63. Ke2 Kg8 64. Bb3+ Kh7 65. g8=Q+ Kxh6 66. Bf7 d1=Q+ 67. Kxd1 e4 68. Qg6# 1-0

[Event "Early-Titled-Tuesday-Blitz-April-23-2024"]
[Site "Chess.com"]
[Date "2024.04.23"]
[Round "8"]
[White "Elegance_Riks"]
[Black "Zohid6"]
[Result "1-0"]
[WhiteElo "2801"]
[BlackElo "2935"]
[TimeControl "180+1"]
[EndTime "9:33:40 PDT"]
[Termination "Elegance_Riks won by resignation"]

1. e4 e5 2. Nf3 Nf6 3. Nc3 Nc6 4.
d4 exd4 5. Nxd4 Bb4 6. Nxc6 bxc6 7. Bd3 d5 8. Bd2 O-O 9. O-O Bxc3 10. Bxc3 Nxe4 11.
Bxe4 dxe4 12. Qh5 Qd5 13. Qh4 Bf5 14. Qg3 Bg6 15. Qxc7 Rfd8 16. h3 Rd7 17. Qf4 Rad8 18. Rfe1 h5 19. Re2 Qb5 20. Ree1 f6 21. a4 Qc5 22.
Qe3 Qf5 23. a5 h4 24. a6 Rb8 25. Ra4 Rb5 26. Rd4 Rbd5 27. Rb4 Rb5 28. Rd4 Rb6 29. Ra4 c5 30. Ra5 Rd5 31. Qe2 Kh7 32. Qc4 Rc6 33. b4 Qg5 34. b5 Rcd6 35. Raa1 Qf4 36. Ba5 Rg5 37. Bc7 Qf3 38. Qf1 Rd7 39. Re3 Rxc7 40. Rxf3 exf3 41. b6 axb6 42. a7 Be4 43. Qc4 Rxg2+ 44.
Kh1 f5 45. Qxe4 fxe4 46. a8=Q Re7 47. Qf8 Re5 48. Qf4 Re6 49. Qf5+ Rgg6 50. Rg1 Kh6 51. Qf4+ Kh5 52. Rxg6 Kxg6 53. Qg4+ Kf6 54. Qxh4+ Kf5 55. Qg4+ Kf6 56. Qf4+ Kg6 57. Kh2 b5 58. Qg4+ Kf6 59. Qh4+ Ke5 60. Qg5+ Kd6 61. Qxg7 b4 62. Qf8+ Kd5 63.
Qd8+ Ke5 64. Qc7+ Kd4 65. Qd7+ Ke5 66. Qg7+ Kd5 67. h4 c4 68. Qd7+ Ke5 69. Qg7+ Kd5 70.
h5 c3 71. h6 e3 72. h7 e2 73.
h8=Q e1=Q 74. Qd4+ Kc6 75. Qc8+ Kb5 76. Qdc4+ Ka4 77. Qa8+ 1-0

[Event "Early-Titled-Tuesday-Blitz-April-23-2024"]
[Site "Chess.com"]
[Date "2024.04.23"]
[Round "8"]
[White "Hikaru"]
[Black "MagnusCarlsen"]
[Result "1/2-1/2"]
[WhiteElo "3298"]
[BlackElo "3225"]
[TimeControl "180+1"]
[EndTime "9:33:43 PDT"]
[Termination "Game drawn by repetition"]

1. e4 e6 2. d4 d5 3. exd5 exd5 4.
Nf3 Nf6 5. Bd3 Bd6 6. Qe2+ Qe7 7. Qxe7+ Kxe7 8. Nc3 c6 9. O-O Re8 10. Bg5 h6 11. Rae1+ Be6 12. Bd2 Kf8 13. Ne5 a6 14. f4 c5 15. f5 Bc8 16. Bf4 Rd8 17. Na4 c4 18. Be2 Bxf5 19. Nb6 Ra7 20. c3 Be6 21.
Bxh6 Ne4 22. Bf4 Nc6 23. Na4 Nxe5 24. dxe5 Bc7 25. Be3 Raa8 26. Bf3 b5 27. Nc5 Nxc5 28. Bxc5+ Kg8 29. Bd4 Rab8 30. a3 a5 31. Kf2 b4 32.
axb4 axb4 33. Ke3 bxc3 34. bxc3 Rb3 35. Ra1 Bb6 36. Bxb6 Rxb6 37. Rfb1 Rdb8 38. Rxb6 Rxb6 39. Ra2 Rb1 40. Kd4 Rc1 41. h4 Kh7 42. Ra5 Rh1 43. Bxd5 Rxh4+ 44. Kc5 Bxd5 45. Kxd5 Rg4 46. Ra2 Kg6 47.
Rf2 Rh4 48. Rf3 Rg4 49. g3 Rg5 50. Re3 Rg4 51. e6 fxe6+ 52. Rxe6+ Kf5 53. Re5+ Kf6 54. Re3 Kf5 55. Rf3+ Kg6 56. Ke5 Rg5+ 57. Ke4 Rg4+ 58. Kd5 Kh5 59. Re3 Kg5 60. Ke6 Kg6 61. Ke7 Rg5 62.
Kd6 Rg4 63. Kd5 Kh5 64. Kc6 Kg6 65. Kc5 Kh5 66. Kd5 Kg6 67. Ke5 Kg5 68. Rf3 Kg6 69.
Kd6 Kg5 70. Ke6 Kg6 71. Ke5 Kg5 72. Rf7 Kg6 73. Rc7 Rxg3 74. Rxc4 Re3+ 75. Kd6 Kf5 76. Rc5+ Kf4 77. c4 g5 78. Rc7 Rd3+ 79. Ke6 g4 80. Rg7 g3 81. c5 Rc3 82. Kd6 Kf3 83. c6 g2 84. c7 Rxc7 85. Kxc7 Kf2 86. Rf7+ Ke2 87. Rg7 Kf2 88. Rf7+ Ke2 89. Rg7 Kf2 1/2-1/2

[Event "Early-Titled-Tuesday-Blitz-April-23-2024"]
[Site "Chess.com"]
[Date "2024.04.23"]
[Round "8"]
[White "H3nriqueTV"]
[Black "JonasEilenberg"]
[Result "1/2-1/2"]
[WhiteElo "2329"]
[BlackElo "2729"]
[TimeControl "180+1"]
[EndTime "9:33:44 PDT"]
[Termination "Game drawn by stalemate"]

1. e4 c5 2. Nf3 Nc6 3. d4 cxd4 4.
Nxd4 Nf6 5. Nc3 e5 6. Ndb5 d6 7.
Na3 Be6 8. Bg5 Rc8 9. Nd5 Bxd5 10. exd5 Qa5+ 11. c3 Qxd5 12. Qxd5 Nxd5 13. O-O-O Nb6 14. Nb5 d5 15. g3 a6 16. Bh3 axb5 17. Bxc8 Nxc8 18.
Rxd5 f6 19. Be3 b4 20. f4 bxc3 21. bxc3 Bd6 22. Rhd1 Ke7 23. fxe5 fxe5 24. Kc2 Rf8 25. Rb5 Rf3 26. Rxb7+ Ke6 27. Bg1 N8e7 28. a4 Nd5 29.
Rd3 Rf1 30. Rd1 Rxd1 31. Kxd1 Nxc3+ 32. Kc2 Nxa4 33. Rxg7 Nc5 34. Rxh7 Ne4 35. Rh6+ Kd5 36. g4 Nb4+ 37. Kb3 Nd3 38. Be3 Nf4 39. Bxf4 exf4 40. g5 f3 41. Rh7 Ke6 42. Ra7 f2 43. Ra1 f1=Q 44. Rxf1 Nd2+ 45. Kc2 Nxf1 46. h4 Kf5 47. Kd3 Ng3 48. Ke3 Kg4 49. Kd4 Kxh4 50. g6 Bf8 51. Ke5 Kg5 52. g7 Bxg7+ 53. Kd5 Nf5 54. Ke6 Kf4 55.
Kd5 Be5 56. Ke6 Ke4 57. Kf7 Nd4 58. Ke7 Kd5 59. Kf7 Ne6 60. Ke7 Nf4 61. Kf7 Ke4 62. Ke7 Kf5 63. Kd7 Ne6 64. Kc6 Ke4 65. Kd7 Kd5 66. Ke7 Nd4 67. Kf7 Ke4 68. Kg6 Kf4 69. Kf7 Kf5 70. Ke7 Ne6 71. Kd7 Nd4 72. Ke7 Kg6 73.
Kd7 Kf6 74. Kc8 Ke6 75. Kb7 Kd6 76. Kb6 Nc6 77. Kb5 Kd5 78. Kb6 Bd6 79. Kb5 Nd4+ 80.
Kb6 Ne6 81. Kb5 Nc7+ 82. Ka4 Kc4 83. Ka5 Bc5 84. Ka4 Bd4 85. Ka3 Nb5+ 86. Ka4 Bb6 1/2-1/2

[Event "Early-Titled-Tuesday-Blitz-April-23-2024"]
[Site "Chess.com"]
[Date "2024.04.23"]
[Round "8"]
[White "Statham_01"]
[Black "biostatistician"]
[Result "0-1"]
[WhiteElo "2571"]
[BlackElo "2743"]
[TimeControl "180+1"]
[EndTime "9:33:52 PDT"]
[Termination "biostatistician won by checkmate"]

1. e4 e5 2. Nf3 Nc6 3. c3 Nf6 4. d4 d6 5. Bb5 Bd7 6. O-O Be7 7. dxe5 Nxe5 8. Bxd7+ Qxd7 9. Nxe5 dxe5 10. Qe2 O-O 11.
Bg5 Rfd8 12. Nd2 h6 13. Bxf6 Bxf6 14. Rad1 Qa4 15. Qc4 Qc2 16. Qe2 Rd3 17. f4 exf4 18.
e5 Bg5 19. e6 f3 20. exf7+ Kf8 21. Rxf3 Rxd2 22. Rxd2 Qxd2 23. Qe4 Rd8 24. h4 Bf6 25. Qh7 Qe1+ 26. Rf1 Qe3+ 27. Kh2 Kxf7 28. Qf5 Qe6 29.
Qh5+ Kg8 30. Rf2 Qe5+ 31. Qxe5 Bxe5+ 32. Kh3 Bf6 33. h5 Kf7 34. Re2 Rd1 35. Kg4 Rh1 36.
g3 a5 37. Rd2 Ke6 38. Re2+ Be5 39. Kf3 Rh3 40. Rg2 Kf5 41. Kf2 Kg4 42. Ke2 Rxg3 43. Rf2 Bf6 44. Rf1 Kxh5 45. Rf5+ Rg5 46. Rf3 Kg6 47.
Rd3 b6 48. Rd7 Re5+ 49. Kf3 Re7 50. Rd5 h5 51. b4 axb4 52. cxb4 Re5 53. Rd7 c5 54. b5 c4 55. a4 Rc5 56. Rd2 c3 57.
Rc2 h4 58. Kg4 Kf7 59. Kf4 g5+ 60. Kg4 Kg6 61. a5 bxa5 62. b6 Rb5 63. Kh3 Rxb6 64.
Kg4 Rb4+ 65. Kh3 g4+ 66. Kg2 h3+ 67. Kg3 Kh5 68. Re2 Rb2 69. Re4 Bh4+ 70. Kf4 h2 71. Re5+ Kg6 72. Re6+ Kf7 73. Re1 Bxe1 74. Kg5 h1=Q 75.
Kf5 Qf3+ 76. Kg5 Rb5+ 77. Kh6 Qh3# 0-1